 Dungeon Crawl Stone Soup version 0.18.1-8-gdd0e5ea (webtiles) character file.

32 TBriggs11TB the Skirmisher (level 3, -1/29 HPs)
             Began as a Human Berserker on June 10, 2016.
             Was a Believer of Trog.
             Slain by a hobgoblin
             ... wielding a +0 club
             ... led by Robin
              (5 damage)
             ... on level 1 of the Dungeon.
             The game lasted 00:20:31 (1445 turns).

TBriggs11TB the Skirmisher (Human Berserker)        Turns: 1445, Time: 00:20:32

Health: -1/29      AC:  3    Str: 17    XL:     3   Next: 42%
Magic:  3/3        EV: 12    Int:  7    God:    Trog [**....]
Gold:   114        SH:  0    Dex: 13    Spells: 0 memorised, 2 levels left

rFire  . . .     SeeInvis .     a - +0 hand axe {Chopper}
rCold  . . .     Gourm    .     e - +0 leather armour
rNeg   . . .     Faith    .     (no shield)
rPois  .         Spirit   .     (no helmet)
rElec  .         Dismiss  .     (no cloak)
rCorr  .         Reflect  .     (no gloves)
SustAt .         Harm     .     (no boots)
MR     .....                    (no amulet)
Stlth  +.........               (no ring)
                                (no ring)

@: not resistant to hostile enchantments, very unstealthy
A: no striking features
a: Berserk, Trog's Hand, Burn Spellbooks, Renounce Religion


You were on level 1 of the Dungeon.
You worshipped Trog.
Trog was pleased with you.
You were not hungry.

You visited 1 branch of the dungeon, and saw 2 of its levels.

You collected 114 gold pieces.

Inventory:

Hand Weapons
 a - a +0 hand axe (weapon) {Chopper}
 d - a +0 short sword
Missiles
 h - 12 poisoned needles (quivered)
 k - 8 needles of frenzy
Armour
 b - a +0 animal skin
 e - a +0 leather armour (worn)
Scrolls
 i - a scroll of remove curse {unknown}
 j - a scroll of recharging {unknown}
 n - 2 scrolls of fog {unknown}
 q - 2 scrolls of identify
Potions
 f - 2 potions of flight {unknown}
 l - a potion of cancellation {unknown}
 o - a potion of lignification {unknown}
 p - a potion of curing {unknown}
Comestibles
 c - a bread ration
 g - a meat ration
 m - a beef jerky


   Skills:
 + Level 3.5 Fighting
 + Level 3.3 Axes
 + Level 2.2 Armour
 + Level 2.3 Dodging
 + Level 0.2 Stealth


You had 2 spell levels left.
You didn't know any spells.

Dungeon Overview and Level Annotations

Branches:
Dungeon (2/15)

Altars:

Annotations:
D:1 Robin


Message History

The stone hits you! Robin hits you but does no damage.
The hobgoblin hits you with a club.
Things that are here:
a stone; a club; a goblin corpse Robin barely misses you.
Robin throws the goblin at you!
* * * LOW HITPOINT WARNING * * *
The goblin unwields an uncursed hunting sling.
The goblin closely misses you.
You see here a goblin skeleton.
You closely miss the goblin. You hit the hobgoblin.
The hobgoblin is moderately wounded.
The goblin barely misses you.
The hobgoblin hits you but does no damage.
You barely miss the goblin. You hit the hobgoblin.
The hobgoblin is heavily wounded.
The goblin hits you.
* * * LOW HITPOINT WARNING * * *
The hobgoblin hits you with a club.
You die...

.....#......###.................#
8.#..#......###..##........####.#
.....+...........................
.##..#.......###..#.........###.#
.............# #..#.........# #.#
.............# #.)#.........# #.#
..#..........# #....##'####.###.#
..#...##'##..###.#†.)...........#
.(..†..........g@gg>##.####.###.#
.............###.#####.####.# #.#
..........................#.# #.#
....................##....#.# #.#
.................##.##....#.# #.#
.....................+....+.# #.#
.......###.#.....##+##....### #.#
.......# #.#..............# #.#
....#..# #.#..............# #.#


You could see Robin, a hobgoblin and a goblin.

Vanquished Creatures
  A dart slug (D:1)
  A ball python (D:1)
  5 bats (D:1)
  7 goblins
  5 hobgoblins (D:1)
  A giant newt (D:1)
  5 kobolds (D:1)
  2 rats (D:1)
27 creatures vanquished.

Notes
Turn   | Place    | Note
--------------------------------------------------------------
     0 | D:1      | TBriggs11TB the Human Berserker began the quest for the Orb.
     0 | D:1      | Reached XP level 1. HP: 18/18 MP: 1/1
   239 | D:1      | Reached XP level 2. HP: 19/24 MP: 2/2
   948 | D:1      | Reached XP level 3. HP: 27/29 MP: 3/3
  1241 | D:2      | Noticed Robin
  1248 | D:1      | Reached ** piety under Trog
  1445 | D:1      | Slain by a hobgoblin

Action                   || total
-------------------------++-------
Melee: Hand axe          ||    88
       Short sword       ||     4
  Use: Scroll            ||     1
  Eat: Bread ration      ||     1
       Chunk             ||     1
Armor: Animal skin       ||     2
       Leather armour    ||    52
Dodge: Dodged            ||   102
